 Dungeon Crawl Stone Soup version 0.30-a0-1085-g990a428a5c (webtiles) character file.

Game seed: 2583767950624103491

2949 NateTC the Basher (level 9, -4/57 HPs)
             Began as a Gargoyle Fighter on Apr 16, 2023.
             Was an Elder of Okawaru.
             Slain by an orc knight
             ... wielding a +0 halberd
              (30 damage)
             ... in a bailey.
             The game lasted 00:17:38 (5752 turns).

NateTC the Basher (Gargoyle Fighter)                Turns: 5752, Time: 00:17:39

Health: -4/57      AC: 33    Str: 22    XL:     9   Next: 81%
Magic:  8/10       EV:  9    Int:  9    God:    Okawaru [****..]
Gold:   617        SH:  0    Dex: 11    Spells: 8/8 levels left

rFire   . . .      SeeInvis .    j - +2 great mace (protect)
rCold   . . .      Faith    .    (shield currently unavailable)
rNeg    + . .      Spirit   .    z - +0 plate armour
rPois   ∞          Reflect  .    (no helmet)
rElec   +          Rampage  .    (no cloak)
rCorr   .                        l - +1 pair of gloves
Will    .....                    v - +0 pair of boots Stlth
                                 m - amulet of regeneration
HPRegen 1.09/turn                (no ring)
MPRegen 0.12/turn                (no ring)

@: mighty, heroic, under a protective aura
A: sickness immunity, AC +6, negative energy resistance 1, electricity
resistance, torment resistance 1, petrification resistance
a: Renounce Religion, Heroism, Finesse


You were in a bailey.
You worshipped Okawaru.
Okawaru was greatly pleased with you.
You visited 1 branch of the dungeon, and saw 7 of its levels.
You also visited: Bailey.

You collected 617 gold pieces.

Inventory:

Hand Weapons
 a - a +0 flail
 j - a +2 great mace of protection (weapon)
 n - a +3 morningstar
Armour
 c - a +0 buckler
 l - a +1 pair of gloves (worn)
 v - a +0 pair of boots (worn)
 z - a +0 plate armour (worn)
Jewellery
 m - an amulet of regeneration (around neck)
Wands
 u - a wand of roots (6)
 B - a wand of mindburst (19)
Scrolls
 f - 3 scrolls of immolation
 g - 2 scrolls of fog
 i - a scroll of teleportation
 p - a scroll of identify
 q - a scroll of amnesia
 r - 2 scrolls of enchant armour
 w - a scroll of magic mapping
 y - a scroll of enchant weapon
 D - a scroll of butterflies {unknown}
Potions
 b - 2 potions of brilliance
 e - 2 potions of berserk rage
 h - 6 potions of haste
 k - 4 potions of curing
 o - 2 potions of lignification
 s - 2 potions of degeneration
 t - a potion of mutation {unknown}
 x - a potion of flight {unknown}
 A - a potion of heal wounds {unknown}
 C - a potion of magic {unknown}


   Skills:
 + Level 7.6(12.6) Fighting
 * Level 8.6(13.6) Maces & Flails
 + Level 7.6(12.6) Armour
 + Level 2.6(7.6) Dodging
 - Level 3.5(8.5) Shields
 - Level 2.0 Invocations
 - Level 2.5 Evocations


You had 8 spell levels left.
You didn't know any spells.
Your spell library contained the following spells:

 Spells                   Type           Power      Damage    Failure   Level
 Apportation              Tloc           0%         N/A       99%         1
 Necrotise                Necr           0%         1d4       99%         1
 Sandblast                Erth           0%         2d4       99%         1
 Passwall                 Tmut/Erth      0%         N/A       100%        2
 Portal Projectile        Hex/Tloc       0%         N/A       100%        3
 Stone Arrow              Conj/Erth      0%         3d7       100%        3
 Blade Hands              Tmut           0%         N/A       100%        5
 Summon Small Mammal      Summ           Unusable   N/A       N/A         1
 Tukima's Dance           Hex            Unusable   N/A       N/A         3

Dungeon Overview and Level Annotations

Branches:
Dungeon (7/15) Zot: 26640  Temple (0/1) D:4          Bailey (1/1) Zot: 5687

Altars:
Cheibriados
Gozag
Hepliaklqana
Makhleb
Okawaru
Xom

Shops:
D:4 =   D:6 [(?([:


Innate Abilities, Weirdness & Mutations

You are immune to sickness and miasma.
Your stone body is resilient. (AC +6)
You are immune to poison.
You resist negative energy. (rN+)
You are resistant to electric shocks. (rElec)
You are resistant to unholy torment.
You are immune to petrification.


Message History

2 orc knights and an orc warrior come into view.
The orc knight shouts!
Found 3 scrolls of enchant weapon and a scorched ruby amulet.
Found a roughly hewn altar of Beogh.
The orc knight hits you from afar with a +0 glaive.
The orc warrior hits you but does no damage.
There is an open door here.
You sock the orc knight!
Your weapon exudes an aura of protection.
The orc knight is moderately wounded.
The orc knight hits you from afar with a +0 glaive!
The orc knight hits you but does no damage.
The orc warrior hits you from afar with a +0 halberd!
The orc knight barely misses you.
You see here a +2 robe of willpower.
There is an open gate here.
Aiming: Mindburst
Press: ? - help, Shift-Dir - straight line, f - orc knight
Aim: an orc knight, wielding a +0 glaive and wearing a +0 plate armour (chance to affect: 58%)
The orc knight resists with significant effort.
The orc knight barely misses you.
Okay, then.
There is an open door here.
You feel very mighty all of a sudden.
You sock the orc knight!
Your weapon exudes an aura of protection.
The orc knight is moderately wounded.
The orc knight closely misses you.
You sock the orc knight!
The orc knight is heavily wounded.
The orc knight hits you but does no damage.
The orc knight closely misses you.
The orc knight roars a battlecry!
The orc knight goes into a battle-frenzy!
The orc knight hits you from afar with a +0 halberd!
You gain the combat prowess of a mighty hero.
The orc knight hits you but does no damage.
The orc knight hits you from afar with a +0 halberd!!
Ouch! That really hurt!
You die...

#)##≈......###......≈##.#≈≈.....#
≈.≈≈≈...#########...≈≈≈.≈≈......#
.).....##.......##..............#
......##..#'#'#..##.............#
......#..##.#)##..#.............#
.....##.#########.##............#
.....##.')#".?#)'.##............#
.....##.###._.###.##............#
.....##.')#...#)@.##............#
.....##.####o####o##............#
.....##..##∩[o##.o#.............#
.........##'''#o.##.............#
.........##..oo.##..............#
≈.≈≈≈....##....##...≈≈≈.≈≈......#
#.##≈....#######....≈##)#≈≈.....#
#.∩#≈...............≈#∩)##≈.....#
.)))...................).#≈.....#


You could see 2 orc knights.

Vanquished Creatures
  A water moccasin (D:5)
  13 orc warriors (Bailey)
  An ice beast (D:7)
  2 black bears (D:6)
  A sky beast (D:6)
  An ogre (D:6)
  A centaur (D:7)
  A kobold brigand (D:6)
  Blork the orc (D:5)
  2 phantoms
  A bullfrog (D:7)
  A scorpion (D:5)
  3 wights (D:7)
  4 jellies
  4 hounds
  2 iguanas
  2 orc wizards
  4 gnolls
  7 adders
  An ufetubus (D:7)
  A worm (D:2)
  2 dart slugs (D:1)
  22 orcs
  4 bats
  9 endoplasms
  3 giant cockroaches
  3 goblins
  11 hobgoblins
  6 jackals
  6 quokkas
  7 ball pythons
  2 frilled lizards
  7 kobolds
  5 rats
141 creatures vanquished.

Vanquished Creatures (others)
  An orc (Bailey)
  8 fungi (D:3)
  3 toadstools (D:3)
12 creatures vanquished.

Grand Total: 153 creatures vanquished

Notes
Turn   | Place    | Note
-------+----------+-------------------------------------------
     0 | D:1      | NateTC the Gargoyle Fighter began the quest for the Orb.
     0 | D:1      | Reached XP level 1. HP: 14/14 MP: 1/1
   100 | D:1      | Reached XP level 2. HP: 19/19 MP: 2/2
   269 | D:1      | Reached XP level 3. HP: 22/24 MP: 3/3
  1305 | D:2      | Reached XP level 4. HP: 29/29 MP: 4/4
  1400 | D:2      | Found a shimmering altar of Xom.
  1638 | D:2      | Found a faded altar of an unknown god.
  1683 | D:3      | Found a burning altar of Makhleb.
  1796 | D:3      | Reached skill level 1 in Dodging
  1889 | D:3      | Found an iron altar of Okawaru.
  2012 | D:3      | Became a worshipper of Warmaster Okawaru
  2096 | D:3      | Reached XP level 5. HP: 33/33 MP: 5/5
  2828 | D:4      | Found a snail-covered altar of Cheibriados.
  2977 | D:4      | Reached skill level 3 in Maces & Flails
  3018 | D:4      | Reached skill level 1 in Invocations
  3037 | D:4      | Noticed a phantom
  3053 | D:4      | Killed a phantom
  3053 | D:4      | Reached * piety under Okawaru
  3054 | D:4      | Reached XP level 6. HP: 39/39 MP: 5/7
  3083 | D:4      | Found a staircase to the Ecumenical Temple.
  3300 | D:4      | Found Kew Fuiq's Jewellery Emporium.
  3436 | D:5      | Entered Level 5 of the Dungeon
  3909 | D:5      | Noticed Blork the orc
  3912 | D:5      | Noticed a water moccasin
  3924 | D:5      | Killed Blork the orc
  3925 | D:5      | Reached skill level 5 in Fighting
  3925 | D:5      | Reached skill level 4 in Maces & Flails
  3925 | D:5      | Reached XP level 7. HP: 23/44 MP: 6/8
  3931 | D:5      | Reached skill level 5 in Armour
  3931 | D:5      | Reached skill level 1 in Evocations
  4068 | D:5      | Found a hazy altar of Hepliaklqana.
  4195 | D:6      | Found Wanodaqa's Armour Emporium.
  4346 | D:6      | Found Naofaz's Book Shop.
  4473 | D:6      | Found Cicsad's Antique Weapon Boutique.
  4487 | D:6      | Reached ** piety under Okawaru
  4488 | D:6      | Reached skill level 5 in Maces & Flails
  4500 | D:6      | Reached XP level 8. HP: 50/50 MP: 9/9
  4535 | D:6      | Found Yto Qem's Armour Shop.
  4875 | D:6      | Found Ereott's Antique Weapon Boutique.
  4894 | D:6      | Found Zauremol's Magic Scroll Emporium.
  5137 | D:7      | Reached skill level 6 in Maces & Flails
  5158 | D:7      | Reached *** piety under Okawaru
  5224 | D:7      | Found an opulent altar of Gozag.
  5324 | D:7      | Reached skill level 7 in Maces & Flails
  5324 | D:7      | Reached XP level 9. HP: 56/56 MP: 10/10
  5455 | D:7      | Found a flagged portal.
  5469 | Bailey   | Entered a bailey
  5630 | Bailey   | Reached skill level 8 in Maces & Flails
  5659 | Bailey   | Reached **** piety under Okawaru
  5738 | Bailey   | Noticed an orc knight
  5738 | Bailey   | Noticed an orc knight
  5752 | Bailey   | Slain by an orc knight

Illustrated notes

Levels and vault maps discovered:
D:1:      dpeg_arrival_tiny_c, layout_loops_corners, chequers_decorated_corner,
          minmay_tetromino_l2
D:2:      layout_loops_ring, hellmonk_ecumenical_altar_slurped_away,
          basic_altar, minmay_unequal
D:3:      layout_basic, mainiacjoe_overflow_brackets,
          mainiacjoe_overflow_tiny_flanked, minmay_gold_behind_fungi,
          minmay_bisected
D:4:      layout_rooms, mainiacjoe_overflow_paths, temple_hall,
          chequers_serial_rivers_micro_e, minmay_shop_enchanted_jewellery,
          chequers_mini_garden, roderic_lattice_a, minmay_hedge_maze,
          grunt_ministairs_12, minmay_misc_feat_tiny
D:5:      layout_loops_ring, nicolae_hepliaklqana_hippocampus,
          uniq_blork_the_orc
D:6:      layout_loops_corners, serial_shops, nicolae_shop_back_alley_shop,
          shop, shop, nicolae_lakefront_shop, kennysheep_mini_moat,
          kennysheep_decorative_pillar, kennysheep_windowed_goal
D:7:      layout_cave_pods, grunt_gozag_statues, mainiacjoe_overflow_alcove_3,
          enter_bailey_4
Bailey:   bailey_polearm_2, bailey

Skill      XL: |  1  2  3  4  5  6  7  8  9 |
---------------+----------------------------+-----
Fighting       | 4 5 6 7 |  7.6
Armour         | 4 5 6 7 |  7.6
Dodging        | 1 2 |  2.6
Maces & Flails | 3 4 5 7 8 |  8.6
Invocations    | 1 2 |  2.0
Evocations     | 1 2 |  2.5
Shields        | |  3.5

Action                     |  1- 3 |  4- 6 |  7- 9 || total
---------------------------+-------+-------+-------++-------
  Melee: Flail             |    41 |       |       ||    41
         Great mace        |    78 |   203 |   246 ||   527
 Invoke: Heroism           |       |     1 |     2 ||     3
  Evoke: Wand              |       |       |     1 ||     1
    Use: Scroll            |     3 |     7 |     4 ||    14
         Potion            |       |       |     1 ||     1
 Armour: Scale mail        |    68 |       |       ||    68
         Chain mail        |    18 |   210 |   155 ||   383
         Plate armour      |       |       |   169 ||   169
  Dodge: Dodged            |    67 |   111 |   169 ||   347
  Block: Buckler           |    14 |       |       ||    14

Table legend: (Time is in decaauts)
 A = Elapsed time spent in this place.
 B = Non-inter-level travel time spent in this place.
 C = Inter-level travel time spent in this place.
 D = Time resting spent in this place.
 E = Time spent auto-exploring this place.
 F = Levels seen in this place.
 G = Mean time per level.
                   A        B        C        D        E       F      G
               +--------+--------+--------+--------+--------+-----+--------+
         Total |   6012 |   5783 |    229 |    109 |   3799 |   8 |  751.5 |
       Dungeon |   5700 |   5471 |    229 |     91 |   3783 |   7 |  814.3 |
        Bailey |    312 |    312 |      0 |     18 |     16 |   1 |  312.0 |
               +--------+--------+--------+--------+--------+-----+--------+

Top non-repeatable levels by time:
     D:1: 995 daAuts
     D:6: 982 daAuts
     D:4: 951 daAuts
     D:3: 867 daAuts
     D:2: 778 daAuts
     D:5: 766 daAuts
     D:7: 359 daAuts
  Bailey: 312 daAuts
